 Dungeon Crawl Stone Soup version 0.23-a0-14-g8c9a20f (webtiles) character file.

60 Loudmushroom the Chopper (level 3, 0/33 HPs)
             Began as a Minotaur Berserker on Aug 2, 2018.
             Was a Follower of Trog.
             Succumbed to an orc's poison
             ... on level 3 of the Dungeon.
             The game lasted 00:04:31 (1903 turns).

Loudmushroom the Chopper (Minotaur Berserker)       Turns: 1903, Time: 00:04:32

Health: 0/33       AC:  3    Str: 21    XL:     3   Next: 82%
Magic:  2/2        EV: 12    Int:  4    God:    Trog [*.....]
Gold:   108        SH:  0    Dex: 10    Spells: 2/2 levels left

rFire    . . .     SeeInvis .   a - +0 hand axe
rCold    . . .     Gourm    .   (no shield)
rNeg     . . .     Faith    .   b - +0 animal skin
rPois    .         Spirit   .   (helmet restricted)
rElec    .         Reflect  .   m - +0 cloak
rCorr    .         Harm     .   (no gloves)
MR       .....                  (no boots)
Stlth    +.........             (no amulet)
HPRegen  0.11/turn              (no ring)
MPRegen  0.08/turn              (no ring)

@: lethally poisoned (0 -> -10)
A: retaliatory headbutt, horns 2
a: Berserk, Renounce Religion


You were on level 3 of the Dungeon.
You worshipped Trog.
Trog was aware of your devotion.
You were hungry.

You visited 1 branch of the dungeon, and saw 3 of its levels.

You collected 108 gold pieces.

Inventory:

Hand Weapons
 a - a +0 hand axe (weapon)
 g - a +0 hunting sling
Missiles
 e - 55 stones (quivered)
 f - 25 sling bullets
Armour
 b - a +0 animal skin (worn)
 l - a cursed +0 leather armour
 m - a +0 cloak (worn)
Scrolls
 h - 3 scrolls of remove curse {unknown}
 j - a scroll of amnesia {unknown}
 k - 5 scrolls of identify {unknown}
 n - a scroll of magic mapping {unknown}
Potions
 d - 3 potions of lignification {unknown}
Comestibles
 c - 2 rations


   Skills:
 + Level 4.1 Fighting
 * Level 4.6 Axes
 + Level 3.1 Armour
 + Level 2.8 Dodging


You had 2 spell levels left.
You didn't know any spells.
Your spell library was empty.

Dungeon Overview and Level Annotations

Branches:
Dungeon (3/15)

Altars:


Innate Abilities, Weirdness & Mutations

You reflexively headbutt those who attack you in melee.
You have a pair of horns on your head.


Message History

You hit the orc.
You kill the orc!
Trog accepts your kill.
* * * LOW HITPOINT WARNING * * *
You feel sick. The orc hits you with a falchion.
* * * LOW HITPOINT WARNING * * *
You slash the orc!
You kill the orc!
Trog accepts your kill.
* * * LOW HITPOINT WARNING * * *
You feel sick.
It was a potion of might.
You feel very mighty all of a sudden.
* * * LOW HITPOINT WARNING * * *
You feel sick.
It was a potion of cancellation.
Your magical effects are unravelling.
You feel magically purged.
You feel a little less mighty now.
You die...

#.. #.# #.# #.#
###.####### . #
#.........######.. #.
#......##.#......#
#.##.#.#..##)#......#
#.<.#......(@)..$..#
#.##......##)#......#
#. ###.##.##.#.......
# #.......#.......
####.####.#####. #.#
.# ... .# #. .#


There were no monsters in sight!

Vanquished Creatures
  2 adders
  A worm (D:2)
  2 dart slugs (D:1)
  4 orcs (D:3)
  2 giant cockroaches
  5 goblins
  2 jackals (D:1)
  A ball python (D:1)
  4 bats
  A frilled lizard (D:2)
  7 kobolds
  A rat (D:2)
32 creatures vanquished.

Notes
Turn   | Place    | Note
-------+----------+-------------------------------------------
     0 | D:1      | Loudmushroom the Minotaur Berserker began the quest for the Orb.
     0 | D:1      | Reached XP level 1. HP: 19/19 MP: 0/0
   368 | D:1      | Reached XP level 2. HP: 25/27 MP: 1/1
  1010 | D:2      | Reached XP level 3. HP: 33/33 MP: 2/2
  1902 | D:3      | HP: 1/33 [poisoned by an orc]
  1903 | D:3      | Succumbed to an orc's poison

Vault maps used:
D:1:      tarquinn_simple_flora_water_c
D:3:      lemuel_round_altar, first_ration

Skill      XL: |  1  2  3 |
---------------+----------+-----
Axes           | 4 |  4.6
Fighting       | 4 |  4.1
Armour         | 3 |  3.1
Dodging        | |  2.8

Action                   || total
-------------------------++-------
Melee: Hand axe          ||    62
       Headbutt          ||    12
  Use: Potion            ||     2
  Eat: Chunk             ||     2
Armor: Animal skin       ||    13
Dodge: Dodged            ||    47

Table legend:
 A = Spawn XP
 B = Non-spawn XP
 C = Spawn XP percentage of total XP
 D = Spawn monster count
 E = Non-spawn monster count
 F = Spawn count percentage of total count
 G = Total turns spent on level
                    A         B        C        D         E        F      G
               +---------+---------+-------+---------+---------+-------+---------
         Total |       0 |      87 |   0.0 |       0 |      32 |   0.0 |  1903
               +---------+---------+-------+---------+---------+-------+---------
           D:1 |       0 |      29 |   0.0 |       0 |      16 |   0.0 |   951
           D:2 |       0 |      31 |   0.0 |       0 |      10 |   0.0 |   928
           D:3 |       0 |      27 |   0.0 |       0 |       6 |   0.0 |    24
               +---------+---------+-------+---------+---------+-------+---------
